Map: World of Sleepers LE

Players

Insayne

  • Race: Zerg Zerg
  • League: Gold
  • Spawn Location: 1:00

pHARM - Winner!

  • Race: Zerg Zerg
  • League: Platinum
  • Spawn Location: 7:00

VOD

Have the link to the VOD?

Description

Time

  • Played on: Aug. 25, 2019, 8:08 a.m.
  • Length: 14:34
Show
View Real Time Build Order
Export as new Build Order

Insayne Zerg 

Build Orders: Pool First 

Get SALT Encoding   

  12  0:07  Drone  
  12  0:08  Drone  
  14  0:19  Extractor  
  13  0:25  Drone  
  14  0:33  Overlord  
  14  0:52  Spawning Pool  
  14  0:54  Drone  
  14  0:55  Drone x2  
  16  1:09  Overlord  
  16  1:16  Drone  
  17  1:29  Overlord  
  17  1:40  Metabolic Boost  
  17  1:42  Zergling x2  
  17  1:43  Queen  
  20  1:48  Zergling x2  
  21  1:59  Zergling x2  
  23  2:15  Zergling x2  
  23  2:29  Zergling x2  
  24  2:33  Lair  
  24  2:35  Hatchery  
  23  2:37  Zergling x2  
  23  2:38  Extractor  
  22  3:03  Spine Crawler  
  22  3:05  Zergling x8  
  23  3:15  Zergling x2  
  21  3:37  Zergling x4  
  23  3:44  Zergling x6  
  26  3:51  Queen  
  26  3:53  Zergling x2  
  29  3:56  Hydralisk Den  
  28  4:05  Overlord  
  28  4:13  Drone x3  
  31  4:20  Drone  
  31  4:23  Drone x2  
  34  4:27  Drone  
  35  4:39  Hydralisk  
  37  4:48  Hydralisk  
  39  4:56  Muscular Augments  
  39  5:05  Hydralisk  
  41  5:12  Hydralisk  
  43  5:30  Overlord x2  
  43  5:42  Drone  
  44  5:43  Overlord  
  44  5:51  Hydralisk x2  
  48  6:03  Hydralisk  
  50  6:11  Hydralisk  
  52  6:22  Zergling x2  
  52  6:23  Zergling x6  
  56  6:32  Overseer  
  56  6:35  Drone x2  
  56  6:36  Drone x2  
  57  6:42  Overseer  
  57  6:48  Hydralisk  
  59  6:56  Hydralisk  
  61  7:03  Hydralisk  
  63  7:12  Extractor  
  62  7:17  Extractor  
  61  7:23  Hydralisk x2  
  61  7:28  Hydralisk  
  67  7:37  Overlord  
  67  7:39  Drone  
  68  7:47  Overseer  
  68  7:55  Hydralisk  
  68  7:57  Hydralisk  
  72  8:01  Drone  
  55  8:24  Zergling x6  
  37  8:35  Zergling x6  
  38  8:48  Hydralisk  
  40  8:57  Zergling x8  
  40  8:58  Zergling x10  
  40  8:59  Zergling x2  
  41  9:10  Hydralisk  
  26  9:29  Hydralisk x2  
Show
View Real Time Build Order
Export as new Build Order

pHARM Zerg - Winner!

Build Orders: Hatch First 

Get SALT Encoding   

  12  0:02  Drone  
  13  0:16  Overlord  
  13  0:18  Drone  
  14  0:34  Drone  
  14  0:35  Drone  
  16  0:40  Drone  
  17  0:55  Hatchery  
  16  0:59  Drone  
  16  1:01  Drone  
  18  1:18  Spawning Pool  
  18  1:19  Drone  
  18  1:28  Drone  
  19  1:36  Drone  
  20  1:40  Extractor  
  19  1:48  Drone  
  20  2:03  Overlord  
  20  2:09  Drone x2  
  22  2:19  Drone  
  22  2:20  Drone, Queen x2  
  28  2:27  Zergling x2  
  29  2:31  Zergling x2  
  30  2:37  Zergling x2  
  30  2:43  Extractor  
  29  2:53  Zergling x2  
  29  2:54  Zergling x4  
  25  3:05  Zergling x2  
  25  3:06  Zergling x2  
  25  3:10  Zergling x2, Queen x2  
  29  3:20  Metabolic Boost  
  29  3:29  Drone  
  29  3:30  Drone x2  
  32  3:49  Baneling Nest  
  31  4:01  Evolution Chamber  
  30  4:11  Drone x5  
  30  4:14  Overlord x2  
  35  4:23  Lair  
  35  4:38  Baneling x2  
  35  4:48  Drone x6  
  41  5:15  Roach Warren  
  41  5:18  Drone x6  
  46  5:38  Extractor  
  46  5:40  Overlord x3  
  45  5:54  Baneling  
  45  6:00  Baneling x6  
  45  6:06  Drone  
  45  6:07  Drone x6  
  52  6:30  Zergling x12  
  57  6:39  Roach x3  
  61  6:51  Extractor  
  60  6:57  Baneling x12  
  60  6:58  Zergling x2  
  60  6:59  Zergling x4  
  63  7:08  Centrifical Hooks  
  63  7:09  Glial Reconstitution, Hatchery  
  62  7:36  Zerg Missile Weapons Level 1  
  62  7:39  Overlord x2  
  62  7:40  Overlord  
  62  7:52  Overlord x3  
  62  8:13  Roach x11  
  74  8:28  Roach x9  
  92  8:42  Roach x3  
  98  8:49  Drone  
  98  8:50  Drone x2, Queen  
  98  8:51  Queen x2  
  103  9:21  Drone x11  
  110  9:26  Queen  
  104  9:34  Overlord x2  
  100  9:39  Spine Crawler  
  99  9:41  Spine Crawler  
  99  9:43  Spine Crawler  
Tags
 
Add a new tag
Caveats
  • Supply blocks, unpowered buildings, or Contaminate may cause inaccurate times.
  • Supply counts are checked every 10 seconds.